 Dungeon Crawl Stone Soup version 0.31.0-10-gcf4a605ca0 (webtiles) character file.

Game seed: 10550097740960682670

369 juan097 the Cutter (level 6, -4/37 HPs)
             Began as a Tengu Monk on Jan 25, 2024.
             Slain by Pikel
             ... wielding a +1 whip of freezing
              (7 damage)
             ... on level 4 of the Dungeon.
             The game lasted 00:09:05 (3102 turns).

juan097 the Cutter (Tengu Monk)                     Turns: 3102, Time: 00:09:05

Health: -4/37      AC: 13    Str: 11    XL:     6   Next: 70%
Magic:  7/7        EV:  8    Int: 10    God:
Gold:   69         SH:  0    Dex: 25    Spells: 5/5 levels left

rFire   . . .        a - +2 dagger (venom)
rCold   . . .        d - orb {light}
rNeg    . . .        h - +4 scale mail
rPois   .            u - +2 hat
rElec   .            (no cloak)
rCorr   .            (no gloves)
SInv    .            (boots unavailable)
Will    .....        (no amulet)
Stlth   +            q - +6 ring of dexterity
HPRegen 0.26/turn    (no ring)
MPRegen 0.10/turn

%: acrobat
@: grasped by roots, glowing, constricted
A: beak, talons 3, acrobatic
a: no special abilities


You were on level 4 of the Dungeon.
You visited 2 branches of the dungeon, and saw 5 of its levels.

You collected 139 gold pieces.
You spent 70 gold pieces at shops.

Inventory:

Hand Weapons
 a - a +2 dagger of venom (weapon)
 b - a +0 sling
Missiles
 t - 6 poisoned darts (quivered)
Armour
 d - an orb of light (worn)
 h - a +4 scale mail (worn)
 u - a +2 hat (worn)
Jewellery
 q - a +6 ring of dexterity (left hand)
Scrolls
 e - 2 scrolls of enchant armour {unknown}
 g - 2 scrolls of teleportation {unknown}
 i - a scroll of brand weapon {unknown}
 j - 2 scrolls of identify {unknown}
 k - a scroll of acquirement {unknown}
 l - 2 scrolls of immolation
 n - a scroll of fog {unknown}
 o - a scroll of butterflies {unknown}
 r - a scroll of amnesia {unknown}
 s - a scroll of vulnerability {unknown}
Potions
 c - a potion of berserk rage {unknown}
 m - 2 potions of might
 p - a potion of haste {unknown}
 v - 2 potions of brilliance {unknown}


   Skills:
 - Level 3.0 Fighting
 + Level 5.7 Short Blades
 - Level 2.0 Ranged Weapons
 + Level 3.9 Armour
 - Level 4.0 Dodging
 - Level 1.3 Stealth


You had 5 spell levels left.
You didn't know any spells.
Your spell library contained the following spells:

 Spells                   Type           Power      Damage    Failure   Level
 Magic Dart               Conj           0%         1d3       90%         1
 Searing Ray              Conj           0%         2d4       97%         2
 Fulminant Prism          Conj/Alch      0%         3d5       100%        4


Dungeon Overview and Level Annotations

Branches:
Dungeon (4/15)             Temple (1/1) D:4

Altars:
Ashenzari
Cheibriados
Elyvilon
Gozag
Kikubaaqudgha
Qazlal
Vehumet
The Shining One

Shops:
D:1 ![[(

Annotations:
D:4 Pikel


Innate Abilities, Weirdness & Mutations

You have a beak for a mouth.
You have claws for feet.
You can magically evade attacks while moving or waiting.


Message History

Pikel is unaffected.
The grasping roots constrict you!
You hear a shout!
You hit Pikel.
Pikel looks even sicker.
Your kick misses Pikel. You peck Pikel.
Pikel is lightly wounded.
You hit Pikel.
Pikel looks as sick as possible!
Pikel is moderately wounded.
Pikel hits you with a +1 whip of freezing.
Pikel freezes you. The grasping roots constrict you.
You are too injured to fight recklessly!
You hit Pikel.
Pikel is heavily wounded.
Pikel barely misses you. The grasping roots constrict you.
You barely miss Pikel. You claw Pikel.
Pikel is heavily wounded.
The grasping roots release their grip on you.
You hit Pikel.
Pikel looks as sick as possible!
You peck Pikel, but do no damage.
Pikel is heavily wounded.
Pikel hits you with a +1 whip of freezing!
Pikel freezes you.
* * * LOW HITPOINT WARNING * * *
You hit Pikel but do no damage.
Pikel looks as sick as possible!
You claw Pikel, but do no damage. Your peck misses Pikel.
Pikel is severely wounded.
Pikel zaps a wand.
The roots erupt in riotous growth!
The grasping roots grab you!
Pikel is unaffected.
The grasping roots constrict you.
* * * LOW HITPOINT WARNING * * *
You feel better.
Pikel hits you with a +1 whip of freezing!
* * * LOW HITPOINT WARNING * * *
Pikel freezes you.
* * * LOW HITPOINT WARNING * * *
The grasping roots constrict you.
* * * LOW HITPOINT WARNING * * *
You hit Pikel but do no damage. You claw Pikel.
Pikel is severely wounded.
Pikel hits you with a +1 whip of freezing!
You die...
Pikel says, "See you in Hell!"

#.......# ##.###..########
#.......# ##..# #..........
#...<...####..## #..........
###.......#....## #........##
#.'.......#.#################
#.#.....[.#.###...#
#.######>.....(...# #.#
#########K#...# #### #.# #.....#
#@# .K.# ..... #5# #.....# #.#
#('. K....
####5###.....###5######.5......
#....##......'.....†...........##
#.#####......####.........5...5..
K.....#..)..)# #........ #.
###'##.......# #.......# ##
##.⌠.##......# ######### #
.##...##.....# #


You could see Pikel (extremely poisoned) and a lemure.

Vanquished Creatures
  Duvessa (D:4)
  A lemure (D:4)
  A scorpion (D:4)
  Dowan (D:4)
  A hound (D:4)
  6 adders
  5 dart slugs
  A ribbon worm (D:2)
  2 orcs (D:4)
  3 ball pythons
  8 bats
  7 endoplasms
  4 giant cockroaches
  7 goblins
  4 hobgoblins (D:3)
  6 quokkas
  8 frilled lizards
  6 kobolds
  4 rats
76 creatures vanquished.

Notes
Turn   | Place    | Note
-------+----------+-------------------------------------------
     0 | D:1      | juan097 the Tengu Monk began the quest for the Orb.
     0 | D:1      | Reached XP level 1. HP: 14/14 MP: 2/2
   157 | D:1      | Reached XP level 2. HP: 19/19 MP: 3/3
   264 | D:1      | Found Siegau's Distillery.
   290 | D:1      | Bought a potion of curing for 30 gold pieces
   307 | D:1      | Reached skill level 1 in Stealth
   397 | D:1      | Found Irul's Antique Armour Emporium.
   432 | D:1      | Found Woqav's Armour Boutique.
   680 | D:1      | Found Fiaplaw's Weapon Emporium.
   839 | D:2      | Reached XP level 3. HP: 23/23 MP: 4/4
  1050 | D:2      | Found a faded altar of an unknown god.
  1317 | D:2      | Reached skill level 4 in Short Blades
  1710 | D:3      | Reached skill level 1 in Armour
  1711 | D:3      | Reached XP level 4. HP: 28/28 MP: 5/5
  1924 | D:3      | Found a stormy altar of Qazlal.
  2282 | D:3      | Reached XP level 5. HP: 32/32 MP: 6/6
  2395 | D:1      | Bought a potion of might for 40 gold pieces
  2494 | D:4      | Reached skill level 1 in Ranged Weapons
  2537 | D:4      | Found a staircase to the Ecumenical Temple.
  2543 | Temple   | Entered the Ecumenical Temple
  2600 | D:4      | Noticed Duvessa
  2611 | D:4      | Noticed Dowan
  2617 | D:4      | Killed Duvessa
  2618 | D:4      | Reached skill level 5 in Short Blades
  2618 | D:4      | Reached XP level 6. HP: 6/37 MP: 7/7
  2727 | D:4      | Killed Dowan
  2818 | D:4      | Noticed Pikel
  3102 | D:4      | Slain by Pikel

Illustrated notes

Levels and vault maps discovered:
D:1:      orjb1_lava_funnel, layout_basic, serial_shops, shop,
          nicolae_shop_just_a_little_nook, shop, nicolae_shop_stone
D:2:      layout_loops_corners, hellmonk_ecumenical_altar_blasted
D:3:      layout_loops_ring, lemuel_crystal_altar
D:4:      layout_basic, lemuel_zombie_altar_yredelemnul,
          minmay_temple_entry_enclosed_plants, corexii_corridor_pit,
          grunt_decor_arrowhead, chequers_jeans, uniq_duvessa,
          uniq_crazy_yiuf_cottage, uniq_pikel, uniq_grinder
Temple:   nicolae_temple_superstar

Skill      XL: |  1  2  3  4  5 |
---------------+----------------+-----
Stealth        | 1 |  1.3
Short Blades   | 4 5 |  5.7
Armour         | 1 2 3 |  3.9
Dodging        | 4 |  4.0
Ranged Weapons | 2 |  2.0
Fighting       | |  3.0

Action                     |  1- 3 |  4- 6 || total
---------------------------+-------+-------++-------
  Melee: Short sword       |    10 |       ||    10
         Kick              |    20 |    28 ||    48
         Dagger            |    52 |    79 ||   131
         Peck              |    10 |    22 ||    32
   Fire: Sling             |    15 |    30 ||    45
  Throw: Dart              |       |     5 ||     5
    Use: Potion            |     1 |     3 ||     4
 Armour: Ring mail         |    15 |       ||    15
         Scale mail        |    12 |    43 ||    55
  Dodge: Dodged            |    41 |    36 ||    77
